 Dungeon Crawl Stone Soup version 0.21.0-37-g46506fa (webtiles) character file.

40 JubJub the Skirmisher (level 3, 0/33 HPs)
             Began as a Minotaur Abyssal Knight on Feb 1, 2018.
             Was a Follower of Lugonu.
             Succumbed to a kobold's poison
             ... on level 3 of the Dungeon.
             The game lasted 00:05:48 (716 turns).

JubJub the Skirmisher (Minotaur Abyssal Knight)      Turns: 716, Time: 00:05:48

Health: 0/33       AC:  9    Str: 17    XL:     3   Next: 30%
Magic:  3/3        EV:  7    Int:  9    God:    Lugonu [*.....]
Gold:   77         SH:  0    Dex:  9    Spells: 2/2 levels left

rFire    . . .     SeeInvis .   a - +1 falchion
rCold    . . .     Gourm    .   (no shield)
rNeg     . . .     Faith    .   g - +0 chain mail
rPois    .         Spirit   .   (helmet restricted)
rElec    .         Reflect  .   (no cloak)
rCorr    .         Harm     .   (no gloves)
MR       .....                  (no boots)
Stlth    ..........             (no amulet)
HPRegen  0.11/turn              (no ring)
MPRegen  0.08/turn              (no ring)

@: lethally poisoned (0 -> -9)
A: retaliatory headbutt, horns 2
a: Depart the Abyss, Renounce Religion


You were on level 3 of the Dungeon.
You worshipped Lugonu.
Lugonu was aware of your devotion.
You were not hungry.

You visited 1 branch of the dungeon, and saw 3 of its levels.
You visited the Abyss 1 time.

You collected 77 gold pieces.

Inventory:

Hand Weapons
 a - a +1 falchion (weapon)
Armour
 b - a +0 leather armour
 d - a +0 ring mail
 g - a +0 chain mail (worn)
Scrolls
 e - a scroll of enchant armour {unknown}
 f - a scroll of blinking
 h - 2 scrolls of remove curse {unknown}
 i - a scroll of immolation {unknown}
 j - 2 scrolls of magic mapping {unknown}
 k - a scroll of fog {unknown}
Comestibles
 c - 4 rations


   Skills:
 + Level 4.2 Fighting
 + Level 3.4 Long Blades
 + Level 3.1 Armour
 + Level 1.1 Dodging
 + Level 1.8 Invocations


You had 2 spell levels left.
You didn't know any spells.

Dungeon Overview and Level Annotations

Branches:
Dungeon (2/15)

Altars:
Ru


Innate Abilities, Weirdness & Mutations

You reflexively headbutt those who attack you in melee.
You have a pair of horns on your head.


Message History

The kobold is severely wounded.
* * * LOW HITPOINT WARNING * * *
You feel sick.
The big kobold hits you but does no damage.
The kobold closely misses you.
You closely miss the big kobold. Your headbutt misses the big kobold.
* * * LOW HITPOINT WARNING * * *
You feel sick.
The big kobold hits you but does no damage.
The kobold hits you.
* * * LOW HITPOINT WARNING * * *
You closely miss the kobold.
The kobold is severely wounded.
* * * LOW HITPOINT WARNING * * *
You feel sick. The big kobold hits you with a dagger.
* * * LOW HITPOINT WARNING * * *
The kobold hits you but does no damage.
You hit the big kobold.
The big kobold is lightly wounded.
You die...

...............#
...............#
..##########...#
##########...#
....!...##...+ .
........##...# ##..
....$..##...##.....
#................
#.....(.K@K....#
#...((........#..
#.............#
#########.....#
#.....# #.....#
#.....# #.....#


You could see a big kobold and a kobold.

Vanquished Creatures
  An adder (D:2)
  An ooze (D:2)
  A worm (D:2)
  A leopard gecko (D:1)
  3 giant cockroaches
  A goblin (D:2)
  6 hobgoblins
  A ball python (D:1)
  3 bats
  3 frilled lizards
  2 kobolds
  A rat (D:2)
  A fungus (D:2)
  A plant (D:2)
26 creatures vanquished.

Notes
Turn   | Place    | Note
-------+----------+-------------------------------------------
     0 | Abyss:1  | JubJub the Minotaur Abyssal Knight began the quest for the Orb.
     0 | Abyss:1  | Reached XP level 1. HP: 19/19 MP: 1/1
   110 | Abyss:1  | Noticed a quasit
   112 | D:1      | Escaped the Abyss
   182 | D:1      | Reached * piety under Lugonu
   221 | D:1      | Reached skill level 4 in Fighting
   287 | D:1      | Reached XP level 2. HP: 22/27 MP: 2/2
   585 | D:2      | Reached XP level 3. HP: 33/33 MP: 3/3
   627 | D:2      | Found a sacrificial altar of Ru.
   687 | D:2      | You fall through a shaft!
   698 | D:3      | Noticed a big kobold
   715 | D:3      | HP: 1/33 [big kobold/dagger (2)]
   716 | D:3      | Succumbed to a kobold's poison

Skill      XL: |  1  2 |
---------------+-------+-----
Fighting       | 4 |  4.2
Long Blades    | 3 |  3.4
Armour         | 3 |  3.1
Dodging        | |  1.1
Invocations    | |  1.8

Action                   || total
-------------------------++-------
Melee: Falchion          ||   106
       Headbutt          ||    25
Invok: Depart the Abyss  ||     1
  Use: Scroll            ||     1
Armor: Ring mail         ||     5
       Chain mail        ||    28
       Leather armour    ||     1
Dodge: Dodged            ||    30
       Rpst.: Falchion   ||     8
